 Dungeon Crawl Stone Soup version 0.27.1-34-g3ba077fa99 (webtiles) character file.

Game seed: 13907736481660442547

5 Karpo the Sneak (level 1, 0/9 HPs)
             Began as a Spriggan Enchanter on Jan 26, 2022.
             Slain by a hobgoblin (5 damage)
             ... on level 1 of the Dungeon.
             The game lasted 00:00:59 (427 turns).

Karpo the Sneak (Spriggan Enchanter)                 Turns: 427, Time: 00:01:00

Health: 0/9        AC:  2    Str:  4    XL:     1   Next: 66%
Magic:  5/5        EV: 17    Int: 16    God:
Gold:   16         SH:  0    Dex: 15    Spells: 4/5 levels left

rFire    . . .     SeeInvis +   a - +1 dagger
rCold    . . .     Faith    .   (shield restricted)
rNeg     . . .     Spirit   .   b - +0 robe
rPois    .         Reflect  .   (helmet restricted)
rElec    .         Harm     .   (no cloak)
rCorr    .         Rampage  .   (gloves unavailable)
Will     .....                  (boots unavailable)
Stlth    +++.......             (no amulet)
HPRegen  0.03/turn              (no ring)
MPRegen  0.09/turn              (no ring)

@: very quick
A: very small, no large weapons, unfitting armour, see invisible, speed 3
a: no special abilities


You were on level 1 of the Dungeon.
You visited 1 branch of the dungeon, and saw 2 of its levels.

You collected 16 gold pieces.

Inventory:

Hand Weapons
 a - a +1 dagger (weapon)
Armour
 b - a +0 robe (worn)
Scrolls
 c - a scroll of amnesia {unknown}
 e - a scroll of vulnerability {unknown}
Potions
 d - 2 potions of attraction {unknown}


   Skills:
 + Level 1.5 Short Blades
 - Level 2.6 Dodging
 + Level 4.7 Stealth
 - Level 2.6 Spellcasting
 - Level 3.6 Hexes


You had 4 spell levels left.
You knew the following spells:

 Your Spells              Type           Power      Damage    Failure   Level
a - Corona                Hex            14%        N/A       4%          1

Your spell library contained the following spells:

 Spells                   Type           Power      Damage    Failure   Level
 Confusing Touch          Hex            13%        N/A       13%         3
 Tukima's Dance           Hex            13%        N/A       13%         3
 Ensorcelled Hibernation  Hex/Ice        14%        N/A       14%         2
 Dazzling Flash           Conj/Hex       14%        N/A       28%         3


Dungeon Overview and Level Annotations

Branches:
Dungeon (2/15)

Altars:


Innate Abilities, Weirdness & Mutations

You are very small and have problems with some larger weapons.
You are too small for most types of armour.
You have supernaturally acute eyesight. (SInv)
You cover ground extremely quickly. (Speed+++)


Message History

You barely miss the bat.
The bat is severely wounded.
The bat completely misses you. The bat hits you.
The bat hits you but does no damage.
You miss the bat.
The bat is severely wounded.
The bat completely misses you. The bat hits you.
You hit the bat.
You kill the bat!
No target in view!
No target in view!
No target in view!
No target in view!
No target in view!
No target in view!
No target in view!
No target in view!
No target in view!
No target in view!
No target in view!
No target in view!
No target in view!
No target in view!
No target in view!
You see here a bat corpse.
Found a scroll labelled WUMAV DAZXOFO.
A hobgoblin comes into view.
A bat comes into view.
A hobgoblin comes into view.
The hobgoblin shouts!
You hit the hobgoblin but do no damage. The hobgoblin barely misses you.
You closely miss the hobgoblin. The hobgoblin closely misses you.
You closely miss the hobgoblin. The hobgoblin closely misses you.
You hit the hobgoblin but do no damage. The hobgoblin closely misses you.
You hit the hobgoblin but do no damage. The hobgoblin completely misses you.
You hit the hobgoblin but do no damage. The hobgoblin hits you.
Ouch! That really hurt!
You completely miss the hobgoblin. The hobgoblin hits you.
Ouch! That really hurt!
You die...

... #(# #.....##
#.##+#.# #......
#.#....# ###.....#
#.#....# .......
#.#....# #.....####.
#......# #..........
##.....# # ##......#...
#.....# .##...@.......
#.....####.##...gg...#.
#.#.#.#..#.#....?....#
##.#.#.#..#...........#
...#.#.#................
.....#.#....##.#........
.#.#.#.#...............#
.#....[#..#.............
.#.....#...............#


You could see 2 hobgoblins.

Vanquished Creatures
  A giant cockroach (D:1)
  A goblin (D:2)
  2 bats (D:1)
  2 rats (D:1)
6 creatures vanquished.

Notes
Turn   | Place    | Note
-------+----------+-------------------------------------------
     0 | D:1      | Karpo the Spriggan Enchanter began the quest for the Orb.
     0 | D:1      | Reached XP level 1. HP: 9/9 MP: 5/5
   427 | D:1      | Slain by a hobgoblin

Illustrated notes

Levels and vault maps discovered:
D:1:      minmay_arrival_stair_chambers, layout_basic,
          chequers_ecumenical_altar_twisty
D:2:      layout_basic

Action                   || total
-------------------------++-------
Melee: Dagger            ||    29
 Stab: Sleeping          ||     2
Armor: Robe              ||     5
Dodge: Dodged            ||    25
